 Dungeon Crawl Stone Soup version 0.30-a0-368-g86fb4627a9 (webtiles) character file.

Game seed: 8704293465596033215

38 MachoJfn the Firebug (level 3, -1/24 HPs)
             Began as a Demonspawn Fire Elementalist on Nov 19, 2022.
             Was an Initiate of Makhleb.
             Slain by Jessica
             ... wielding a +0 club
              (6 damage)
             ... on level 2 of the Dungeon.
             The game lasted 00:12:17 (1148 turns).

MachoJfn the Firebug (Demonspawn Fire Elementalist) Turns: 1148, Time: 00:12:17

Health: -1/24      AC:  2    Str: 10    XL:     3   Next: 25%
Magic:  6/6        EV:  9    Int: 16    God:    Makhleb [......]
Gold:   97         SH:  0    Dex: 13    Spells: 3/6 levels left

rFire   . . .      SeeInvis .    f - +0 long sword
rCold   + . .      Faith    .    (no shield)
rNeg    . . .      Spirit   .    a - +0 robe
rPois   .          Reflect  .    (helmet restricted)
rElec   .          Harm     .    (no cloak)
rCorr   .          Rampage  .    (no gloves)
Will    .....                    (no boots)
Stlth   ++........               (no amulet)
HPRegen 0.24/turn                g - ring of protection from cold
MPRegen 0.10/turn                (no ring)

@: constricted
A: horns 1, foul stench 1
a: Renounce Religion


You were on level 2 of the Dungeon.
You worshipped Makhleb.
Makhleb was noncommittal.
You visited 1 branch of the dungeon, and saw 2 of its levels.

You collected 97 gold pieces.

Inventory:

Hand Weapons
 f - a +0 long sword (weapon)
Armour
 a - a +0 robe (worn)
 c - a +1 helmet
Jewellery
 g - a ring of protection from cold (left hand)
Scrolls
 d - a scroll of identify


   Skills:
 + Level 0.3 Fighting
 + Level 0.3 Long Blades
 + Level 2.2 Dodging
 + Level 1.9 Stealth
 + Level 0.1 Unarmed Combat
 + Level 2.2 Spellcasting
 + Level 1.1 Conjurations
 + Level 3.3 Fire Magic


You had 3 spell levels left.
You knew the following spells:

 Your Spells              Type           Power      Damage    Failure   Level
a - Foxfire               Conj/Fire      32%        2x1d5     9%          1
b - Passwall              Tmut/Erth      0%         N/A       30%         2

Your spell library contained the following spells:

 Spells                   Type           Power      Damage    Failure   Level
 Scorch                   Fire           24%        2d6       8%          2
 Sandblast                Erth           2%         2d4       21%         1
 Inner Flame              Hex/Fire       7%         N/A       30%         3
 Kindle Blastsparks       Fire/Tloc/Air  10%        2d10      36%         3
 Dazzling Flash           Conj/Hex       6%         N/A       43%         3
 Stone Arrow              Conj/Erth      6%         3d7       43%         3
 Flame Wave               Conj/Fire      8%         2d5       63%         4
 Agony                    Necr           1%         N/A       99%         5
 Silence                  Hex/Air        0%         N/A       99%         5


Dungeon Overview and Level Annotations

Branches:
Dungeon (2/15)

Altars:
Makhleb

Annotations:
D:2 Jessica, Terence


Innate Abilities, Weirdness & Mutations

You have a pair of small horns on your head.
You may rarely emit foul miasma when damaged in melee.


Message History

You continue meditating on the rock.
Terence closely misses you.
You finish merging with the rock.
Terence is nearby!
Found a pair of gloves.
Terence is nearby!
Terence is nearby!
You see here a +0 pair of gloves.
Terence is nearby!
You open the door.
Jessica and a ball python come into view.
Found a scroll of identify.
An endoplasm comes into view.
There is an open door here.
The ball python hisses angrily.
The endoplasm quivers.
Found a pink potion.
Jessica barely misses you. Jessica attacks as you move away!
Jessica hits you with a +0 club.
Jessica grins evilly.
You closely miss Jessica. Your headbutt misses Jessica.
The ball python closely misses you. The ball python grabs you.
The ball python constricts you.
The endoplasm hits you but does no damage.
Jessica casts a spell at you. Pain shoots through your body!
* * * LOW HITPOINT WARNING * * *
You barely miss Jessica. Your headbutt misses Jessica.
The ball python bites you but does no damage.
The ball python constricts you. Jessica barely misses you.
The endoplasm closely misses you. The ball python closely misses you.
The ball python constricts you. Jessica completely misses you.
The endoplasm freezes you.
You are frozen.
You resist.
* * * LOW HITPOINT WARNING * * *
You barely miss Jessica.
The ball python bites you but does no damage.
The ball python constricts you.
* * * LOW HITPOINT WARNING * * *
The endoplasm barely misses you. Jessica hits you with a +0 club.
You die...

#.#.# . #.#.#.# #......#
####.#.#.####......#
...[........+......+
.......#.. ......#####
.._..#.#..# #..........
.....#.#..# #........!.
.@...#.#..####..S......♣
...#.#"......'@@@.....♣
##...#.....###..J.....♣
.....#.....# #........♣
######.#@..#..........♣
.......#...#..........♣
########@..#..........♣
...@.......#...?.......♣
......[..#.#........♣♣.♣
##########.#


You could see Terence, Jessica, an endoplasm and a ball python.

Vanquished Creatures
  A dart slug (D:1)
  9 bats
  4 endoplasms
  5 goblins
  4 hobgoblins (D:1)
  A quokka (D:1)
  2 ball pythons (D:1)
  A kobold (D:2)
  5 rats (D:1)
32 creatures vanquished.

Vanquished Creatures (others)
  44 foxfires
44 creatures vanquished.

Grand Total: 76 creatures vanquished

Notes
Turn   | Place    | Note
-------+----------+-------------------------------------------
     0 | D:1      | MachoJfn the Demonspawn Fire Elementalist began the quest
                  | for the Orb.
     0 | D:1      | Reached XP level 1. HP: 13/13 MP: 3/3
    81 | D:1      | Reached skill level 3 in Fire Magic
   147 | D:1      | Gained mutation: You may rarely emit foul miasma when
                  | damaged in melee. [demonic ancestry]
   147 | D:1      | Reached XP level 2. HP: 19/19 MP: 0/5
   449 | D:1      | Learned a level 2 spell: Passwall
   622 | D:1      | Gained mutation: You have a pair of small horns on your
                  | head. [demonic ancestry]
   622 | D:1      | Reached XP level 3. HP: 21/24 MP: 6/6
  1072 | D:2      | Found a burning altar of Makhleb.
  1081 | D:2      | Became a worshipper of Makhleb the Destroyer
  1092 | D:2      | Noticed Terence
  1142 | D:2      | Noticed Jessica
  1148 | D:2      | Slain by Jessica

Illustrated notes

Levels and vault maps discovered:
D:1:      dpeg_arrival_subterranean_lakeside_camping, layout_rooms,
          minmay_fountain_box
D:2:      layout_basic, basic_altar, shapermc_ecumenical_altar_totnotflames,
          uniq_terence, uniq_sigmund, uniq_jessica

Skill      XL: |  1  2 |
---------------+-------+-----
Fire Magic     | 3 |  3.3
Dodging        | 2 |  2.2
Fighting       | |  0.3
Long Blades    | |  0.3
Stealth        | |  1.9
Unarmed Combat | |  0.1
Spellcasting   | |  2.2
Conjurations   | |  1.1

Action                   || total
-------------------------++-------
Melee: Unarmed           ||    24
       Long sword        ||    39
       Headbutt          ||     2
 Cast: Foxfire           ||    30
       Passwall          ||     3
  Use: Scroll            ||     4
       Potion            ||     3
 Stab: Sleeping          ||     2
Armor: Robe              ||    28
Dodge: Dodged            ||    66

Table legend: (Time is in decaauts)
 A = Elapsed time spent in this place.
 B = Non-inter-level travel time spent in this place.
 C = Inter-level travel time spent in this place.
 D = Time resting spent in this place.
 E = Time spent auto-exploring this place.
 F = Levels seen in this place.
 G = Mean time per level.
                   A        B        C        D        E       F      G
               +--------+--------+--------+--------+--------+-----+--------+
         Total |   1165 |    845 |    320 |    131 |    356 |   2 |  582.5 |
       Dungeon |   1165 |    845 |    320 |    131 |    356 |   2 |  582.5 |
               +--------+--------+--------+--------+--------+-----+--------+

Top non-repeatable levels by time:
     D:1: 887 daAuts
     D:2: 277 daAuts
